 Dungeon Crawl Stone Soup version 0.29.1-15-g9cfb28693d (webtiles) character file.

Game seed: 11921981215230000873

31931 javelincjr the Fighter (level 14, -14/106 HPs)
             Began as a Djinni Conjurer on Feb 21, 2023.
             Was an Elder of Makhleb.
             Killed from afar by a tengu reaver (39 damage)
             ... with a bolt of cold
             ... on level 14 of the Dungeon on Feb 22, 2023.
             The game lasted 01:49:32 (14765 turns).

javelincjr the Fighter (Djinni Conjurer)           Turns: 14765, Time: 01:49:33

Health: -14/106    AC: 13    Str:  8    XL:     14   Next: 0%
Gold:   924        EV: 15    Int: 36    God:    Makhleb [****..] SH:  5 Dex: 13

rFire   + + +      SeeInvis .   M - +3 dagger (flame)
rCold   x . .      Faith    .   r - +0 buckler
rNeg    + . .      Spirit   .   L - +2 troll leather armour
rPois   ∞          Reflect  .   t - +1 hat {Int+3}
rElec   +          Harm     .   D - +3 cloak of Dim Light {rElec Will+ Dex+2}
rCorr   .          Rampage  .   J - +0 pair of gloves
Will    ++...                   (boots unavailable)
Stlth   +++.......              n - amulet of regeneration
HPRegen 1.87/turn               q - +6 ring of intelligence
MPRegen 0.00/turn               d - ring of Accord {rF+ rN+ Int+3}

@: flying, studying Stealth
A: sickness immunity, fire resistance 2, cold vulnerability 1, float, innate
caster, HP casting, extra vitality 1, antennae 1, evolution 1
a: Renounce Religion, Minor Destruction, Lesser Servant of Makhleb, Major
Destruction


You were on level 14 of the Dungeon.
You worshipped Makhleb.
Makhleb was greatly pleased with you.
You visited 2 branches of the dungeon, and saw 15 of its levels.
You also visited: Gauntlet.

You collected 924 gold pieces.

Inventory:

Hand Weapons
 z - a +2 dagger of speed
 M - a +3 dagger of flaming (weapon)
 P - a +2 dagger of holy wrath
 T - a +2 short sword of distortion
Missiles
 k - 5 silver javelins
Armour
 a - the +2 robe of Polish {Rampage Will- Int+4}
   (You found it in a Gauntlet)

   Int:       It affects your intelligence (+4).
   Rampage:   It bestows one free step when moving towards enemies.
   Will:      It decreases your willpower.
 b - an orb of wrath
 i - an orb of guile
 r - a +0 buckler (worn)
 t - a +1 hat of intelligence (worn)
 D - the +3 cloak of Dim Light (worn) {rElec Will+ Dex+2}
   (You found it in a Gauntlet)

   Dex:       It affects your dexterity (+2).
   rElec:     It insulates you from electricity.
   Will:      It increases your willpower.
 J - a +0 pair of gloves (worn)
 L - a +2 troll leather armour (worn)
 U - a +1 robe of cold resistance
Magical Staves
 Q - a staff of air
 W - a staff of earth
Jewellery
 d - the ring of Accord (right hand) {rF+ rN+ Int+3}
   (You acquired it on level 9 of the Dungeon)

   [ring of protection from fire]

   Int:       It affects your intelligence (+3).
   rF:        It protects you from fire.
   rN:        It protects you from negative energy.
 n - an amulet of regeneration (around neck)
 q - a +6 ring of intelligence (left hand)
 w - an amulet of the acrobat
 C - a ring of protection from cold
 I - a +4 ring of protection
 V - a ring of protection from cold
Wands
 g - a wand of mindburst (15)
 j - a wand of quicksilver (4)
 F - a wand of digging (1)
 O - a wand of flame (7)
 R - a wand of roots (20)
Scrolls
 c - 7 scrolls of poison
 e - 7 scrolls of teleportation
 o - 4 scrolls of fear
 s - 3 scrolls of summoning
 y - 3 scrolls of magic mapping
 E - 2 scrolls of blinking
 G - 2 scrolls of fog
 N - 3 scrolls of noise
 S - 2 scrolls of enchant weapon
 Y - a scroll of immolation {unknown}
Potions
 f - 4 potions of lignification
 h - 3 potions of ambrosia
 l - 5 potions of heal wounds
 m - 5 potions of cancellation
 p - a potion of berserk rage {unknown}
 u - 5 potions of might {unknown}
 v - 3 potions of haste {unknown}
 x - 3 potions of invisibility
 A - 7 potions of curing
 B - 2 potions of brilliance {unknown}
 H - 2 potions of magic {unknown}
 K - 3 potions of degeneration {unknown}
 X - 3 potions of flight {unknown}


   Skills:
 * Level 11.9 Fighting
 - Level 6.8 Armour
 + Level 9.5 Dodging
 - Level 6.5 Stealth
 - Level 6.1 Shields
 * Level 9.9 Spellcasting
 + Level 4.6 Invocations
 + Level 4.6 Evocations


You couldn't memorise any spells.
You knew the following spells:

 Your Spells              Type           Power      Damage    Failure   Level
a - Magic Dart            Conj           100%       1d8       1%          1
b - Searing Ray           Conj           100%       2d8       1%          2
c - Dazzling Flash        Conj/Hex       100%       N/A       1%          3
d - Fulminant Prism       Conj/Hex       36%        3d18      1%          4
e - Iskenderun's Mystic   Conj/Tloc      73%        2d15      1%          4
f - Foxfire               Conj/Fire      100%       2x1d9     1%          1
g - Ensorcelled Hibernat  Hex/Ice        100%       N/A       1%          2
h - Portal Projectile     Hex/Tloc       100%       N/A       1%          3
i - Lesser Beckoning      Tloc           73%        N/A       1%          3
j - Summon Mana Viper     Hex/Summ       73%        N/A       1%          5
k - Agony                 Necr           73%        N/A       1%          5
Your spell library was empty.

Dungeon Overview and Level Annotations

Branches:
Dungeon (14/15)            Temple (1/1) D:4            Lair (0/5) D:9
    Orc (0/2) D:10         Vaults (0/5) D:13        Gauntlet (visited)

Altars:
Ashenzari
Cheibriados
Dithmenos
Elyvilon
Fedhas
Gozag
Hepliaklqana
Makhleb
Nemelex Xobeh
Okawaru
Qazlal
Ru
Trog
Uskayaw
Wu Jian
Xom
Yredelemnul
Zin
The Shining One

Shops:
D:2 [   D:7 [   D:9 (

Annotations:
D:7 2 transporters, Ghostortoast's ghost, novice GrFi


Innate Abilities, Weirdness & Mutations

You are immune to sickness and miasma.
You are immune to poison.
Your flesh is very heat resistant. (rF++)
You are vulnerable to cold. (rC-)
You float through the air rather than walking.
You learn spells naturally, not from books.
Your magical power is your life essence.
You have superior vitality. (+4 MHP)
You have a pair of small antennae on your head.
You have hidden genetic potential.


Message History

You conjure a prism of explosive energy!
* * * LOW HITPOINT WARNING * * *
A fulminant prism comes into view.
Something unseen opens the door.
A tengu reaver comes into view.
It is wielding a +2 battleaxe of venom and wearing a +0 scale mail of willpower.
Your fulminant prism crackles loudly.
Your fulminant prism explodes!
The blast of energy engulfs the tengu reaver!!
The tengu reaver is moderately wounded.
You hear a shout!
You hear a horrible gurgling sound! x4; You hear a shout!
The tengu reaver casts a spell at you. The bolt of lightning misses you.
A demon appears!
A centaur warrior comes into view. It is wielding a +0 quarterstaff.
You swap places.
The centaur warrior unwields a +0 quarterstaff.
The centaur warrior wields a +0 shortbow of flaming.
It bursts into flame!
The centaur warrior shoots an arrow.
The arrow hits your smoke demon! The arrow burns your smoke demon.
You hear a shout!
The centaur warrior shoots an arrow.
The arrow hits you.
* * * LOW HITPOINT WARNING * * *
Your smoke demon closely misses the tengu reaver. x2
Your smoke demon hits the tengu reaver but does no damage.
As you read the scroll of fog, it crumbles to dust.
The scroll dissolves into smoke.
The centaur warrior shoots an arrow.
The arrow hits you!
* * * LOW HITPOINT WARNING * * *
The tengu reaver gestures at you while chanting.
The bolt of negative energy hits your smoke demon.
Your smoke demon completely resists.
The bolt of negative energy misses you.
Your smoke demon gestures at the tengu reaver.
The ball of steam hits the tengu reaver!!
Things that are here:
a +0 long sword; an elf corpse
There is an open door here.
The tengu reaver casts a spell at you. The bolt of cold hits you!!!
You feel a terrible chill!
You die...

##.# #....# .#.# #....## #..##
#.....## #...### #......##
#.....## #.......##
.###...########........##
#...#.........#.........#
#...###.......'..##########{
#...#..#.#....#.@##.§§§§..##
.###...#.#....#..'..§Q§§3Q.##
. .....#.#....#..##.§§§§...c##
...###.......#..########....'#
..# #..#####.........##....##
## #... #........# ##....##
#... #.......##..Q#....# ....#
#......##.*..##....
#.....##..... ##...


You could see a tengu reaver.

Vanquished Creatures
  Gastronok (D:8)
  A minotaur (Gauntlet)
  A green death (Gauntlet)
  Fannar (D:11)
  2 boulder beetles
  4 centaur warriors
  An ogre mage (D:13)
  7 two-headed ogres
  3 death yaks (Gauntlet)
  Sonja (D:11)
  A fire crab (shapeshifter) (D:14)
  The ghost of nshep25 the Martial Artist, a novice DsTm of Wu Jian (D:8)
  A necromancer (Gauntlet)
  A deep elf pyromancer (D:14)
  8 ugly things
  2 cyclopes
  A manticore (D:12)
  3 gargoyles (D:12)
  An unseen horror (D:11)
  An efreet (D:13)
  Psyche (D:11)
  5 trolls
  A hornet (D:8)
  A wolf spider simulacrum (D:14)
  4 shadows
  A vampire (D:10)
  A basilisk (D:9)
  2 wraiths
  14 yaks
  2 humans (D:10)
  2 vampire mosquitoes (D:10)
  2 water moccasins (D:7)
  A sky beast (D:6)
  2 orc warriors
  2 black bears
  2 ice beasts
  8 centaurs
  A phantom (D:6)
  A kobold brigand (D:10)
  2 bullfrogs
  A necrophage (D:7)
  2 scorpions
  18 wights
  23 killer bees
  A howler monkey (D:6)
  2 hounds
  5 orc priests
  A jelly (D:6)
  A gnoll bouda (D:7)
  4 iguanas
  7 orc wizards
  5 adders
  7 gnolls
  A white imp (D:6)
  An ufetubus (D:7)
  A dart slug (D:3)
  32 orcs
  10 endoplasms
  2 giant cockroaches
  8 goblins
  3 hobgoblins
  10 kobolds
  A quokka (D:2)
  4 ball pythons
  2 bats
  5 frilled lizards
  5 rats
  9 foxfires
  8 fulminant prisms
276 creatures vanquished.

Vanquished Creatures (collateral kills)
  A deep elf pyromancer (D:13)
  An elephant (D:9)
  A wraith (D:9)
  A black bear (D:9)
  2 howler monkeys (D:13)
6 creatures vanquished.

Vanquished Creatures (others)
  699 foxfires
  165 fulminant prisms
  7 plants (D:2)
  16 withered plants (D:2)
887 creatures vanquished.

Grand Total: 1169 creatures vanquished

Notes
Turn   | Place    | Note
-------+----------+-------------------------------------------
     0 | D:1      | javelincjr the Djinni Conjurer began the quest for the Orb.
     0 | D:1      | javelincjr set off with the following spells memorised:
                  | Magic Dart, Searing Ray, Dazzling Flash, Fulminant Prism,
                  | Iskenderun's Mystic Blast.
     0 | D:1      | Reached XP level 1. HP: 15/15 MP: 0/0
   353 | D:1      | Reached XP level 2. HP: 20/21 MP: 0/0
   978 | D:2      | Reached XP level 3. HP: 19/26 MP: 0/0
   978 | D:2      | Learned a level 1 spell: Foxfire
  1081 | D:2      | Reached skill level 1 in Fighting
  1200 | D:2      | Found a faded altar of an unknown god.
  1637 | D:2      | Found Emomuts's Armour Emporium.
  2368 | D:3      | Reached XP level 4. HP: 30/32 MP: 0/0
  2382 | D:3      | Reached skill level 1 in Armour
  2389 | D:3      | Reached XP level 5. HP: 13/38 MP: 0/0
  2389 | D:3      | Learned a level 2 spell: Ensorcelled Hibernation
  2608 | D:3      | Reached skill level 2 in Fighting
  3376 | D:4      | Found a stormy altar of Qazlal.
  3519 | D:4      | Reached XP level 6. HP: 36/45 MP: 0/0
  3842 | D:4      | Reached skill level 3 in Fighting
  3868 | D:4      | Noticed an ice beast
  3875 | D:4      | Killed an ice beast
  3876 | D:4      | Reached XP level 7. HP: 29/50 MP: 0/0
  3876 | D:4      | Learned a level 3 spell: Portal Projectile
  4041 | D:4      | Found a staircase to the Ecumenical Temple.
  4052 | Temple   | Entered the Ecumenical Temple
  4328 | D:5      | Entered Level 5 of the Dungeon
  5068 | D:6      | Reached skill level 4 in Fighting
  5360 | D:6      | Reached XP level 8. HP: 47/58 MP: 0/0
  5422 | D:6      | Found a bloodstained altar of Trog.
  5422 | D:6      | Found a shadowy altar of Dithmenos.
  5427 | D:6      | Found a burning altar of Makhleb.
  5431 | D:6      | Found a white marble altar of Elyvilon.
  5434 | D:6      | Became a worshipper of Makhleb the Destroyer
  5436 | D:6      | Found a snail-covered altar of Cheibriados.
  5440 | D:6      | Found a hazy altar of Hepliaklqana.
  5511 | D:6      | Found a broken altar of Ashenzari.
  5532 | D:6      | Reached skill level 1 in Shields
  5800 | D:6      | Found a shimmering altar of Xom.
  6035 | D:7      | Noticed a moth of wrath
  6036 | D:7      | Noticed Ghostortoast's ghost (novice GrFi)
  6095 | D:7      | Found a transporter.
  6101 | D:7      | Found a transporter.
  6102 | D:7      | Found a bloodstained altar of Trog.
  6184 | D:7      | Reached skill level 5 in Spellcasting
  6303 | D:7      | Reached skill level 5 in Fighting
  6465 | D:7      | Reached * piety under Makhleb
  6473 | D:7      | Reached XP level 9. HP: 54/65 MP: 0/0
  6473 | D:7      | Learned a level 3 spell: Lesser Beckoning
  6722 | D:7      | Reached skill level 5 in Dodging
  6745 | D:7      | Found a blossoming altar of Fedhas.
  6784 | D:7      | Found Tiuss's Armour Boutique.
  6809 | D:7      | Reached skill level 6 in Fighting
  7579 | D:8      | Reached XP level 10. HP: 39/73 MP: 0/0
  8062 | D:8      | Reached skill level 7 in Fighting
  8269 | D:8      | Reached skill level 5 in Armour
  8396 | D:8      | Reached skill level 5 in Stealth
  8405 | D:8      | Reached ** piety under Makhleb
  8890 | D:8      | Noticed Gastronok
  8935 | D:8      | Killed Gastronok
  8936 | D:8      | Reached skill level 8 in Fighting
  8936 | D:8      | Reached XP level 11. HP: 32/81 MP: 0/0
  8936 | D:8      | Learned a level 5 spell: Summon Mana Viper
  9248 | D:8      | Found a runed translucent door.
  9248 | D:8      | Noticed nshep25's ghost (novice DsTm)
  9631 | D:8      | Killed nshep25's ghost
  9741 | D:9      | Reached skill level 5 in Shields
  9743 | D:9      | Noticed an elephant
 10224 | D:9      | Killed an elephant
 10432 | D:9      | Noticed a two-headed ogre
 10437 | D:9      | Killed a two-headed ogre
 10743 | D:9      | Identified a scroll of acquirement
 10744 | D:9      | Acquired the ring of Accord {rF+ rN+ Int+3}
 10951 | D:9      | Found Enaexzing's Weapon Shoppe.
 10970 | D:9      | Found a staircase to the Lair.
 11269 | D:10     | Entered Level 10 of the Dungeon
 11286 | D:10     | Found a staircase to the Orcish Mines.
 11316 | D:10     | Reached skill level 9 in Fighting
 11466 | D:10     | Noticed a two-headed ogre
 11477 | D:10     | Killed a two-headed ogre
 11583 | D:10     | Found an iron altar of Okawaru.
 11873 | D:10     | Reached XP level 12. HP: 89/89 MP: 0/0
 11990 | D:11     | Noticed Psyche
 11993 | D:11     | Noticed a two-headed ogre
 12084 | D:11     | Reached *** piety under Makhleb
 12153 | D:11     | Killed Psyche
 12159 | D:11     | Killed a two-headed ogre
 12171 | D:11     | Noticed Sonja
 12174 | D:11     | Killed Sonja
 12220 | D:11     | Noticed Fannar
 12239 | D:11     | Killed Fannar
 12544 | D:12     | Noticed a two-headed ogre
 12548 | D:12     | Reached skill level 10 in Fighting
 12553 | D:12     | Killed a two-headed ogre
 12554 | D:12     | Reached skill level 1 in Invocations
 12554 | D:12     | Reached skill level 1 in Evocations
 12764 | D:12     | Noticed a two-headed ogre
 12782 | D:12     | Killed a two-headed ogre
 13294 | D:13     | Found a gate leading to a gauntlet.
 13294 | D:13     | Noticed a centaur warrior
 13298 | D:13     | Noticed a boulder beetle
 13356 | D:13     | Noticed a centaur warrior
 13367 | D:13     | Killed a centaur warrior
 13386 | D:13     | Noticed a centaur warrior
 13387 | D:13     | Killed a centaur warrior
 13388 | D:13     | Reached XP level 13. HP: 13/97 MP: 0/0
 13388 | D:13     | Learned a level 5 spell: Agony
 13461 | D:13     | Noticed an ogre mage
 13514 | Gauntlet | Entered a Gauntlet
 13514 | Gauntlet | Noticed a green death
 13514 | Gauntlet | Found a large runed translucent door.
 13514 | Gauntlet | Found a large runed translucent door.
 13514 | Gauntlet | Found a large runed translucent door.
 13514 | Gauntlet | Found a large runed translucent door.
 13514 | Gauntlet | Found a large runed translucent door.
 13514 | Gauntlet | Found a large runed translucent door.
 13514 | Gauntlet | Found a large runed translucent door.
 13514 | Gauntlet | Found a large runed translucent door.
 13514 | Gauntlet | Found a runed translucent door.
 13514 | Gauntlet | Found a runed translucent gate.
 13514 | Gauntlet | Found a transporter.
 13514 | Gauntlet | Found a transporter.
 13514 | Gauntlet | Found a runed translucent gate.
 13514 | Gauntlet | Found a transporter.
 13518 | Gauntlet | Found a transporter.
 13518 | Gauntlet | Found a transporter.
 13519 | Gauntlet | Found a runed translucent gate.
 13519 | Gauntlet | Found a runed translucent door.
 13528 | Gauntlet | Found a transporter.
 13561 | Gauntlet | Found a large runed translucent door.
 13561 | Gauntlet | Found a large runed translucent door.
 13562 | Gauntlet | Found a large runed translucent door.
 13563 | Gauntlet | Found a large runed translucent door.
 13564 | Gauntlet | Found a large runed translucent door.
 13564 | Gauntlet | Found a large runed translucent door.
 13565 | Gauntlet | Found a large runed translucent door.
 13566 | Gauntlet | Found a large runed translucent door.
 13597 | Gauntlet | Found a transporter.
 13607 | Gauntlet | Found a transporter.
 13624 | Gauntlet | Found a transporter.
 13650 | Gauntlet | Found a transporter.
 13669 | Gauntlet | Found a transporter.
 13676 | Gauntlet | Found a transporter.
 13678 | Gauntlet | Gained mutation: You have a pair of small horns on your
                  | head. [potion of mutation]
 13679 | Gauntlet | Lost mutation: You have a pair of small horns on your head.
                  | [potion of mutation]
 13679 | Gauntlet | Gained mutation: You have hidden genetic potential. [potion
                  | of mutation]
 13679 | Gauntlet | Gained mutation: You have a pair of small antennae on your
                  | head. [potion of mutation]
 13785 | Gauntlet | Killed a green death
 13791 | Gauntlet | Identified the +2 robe of Polish {Rampage Will- Int+4}
 13810 | Gauntlet | Reached skill level 11 in Fighting
 13847 | Gauntlet | Identified the +3 cloak of Dim Light {rElec Will+ Dex+2}
 13901 | Gauntlet | Noticed a minotaur
 13907 | Gauntlet | Killed a minotaur
 14095 | D:13     | Killed an ogre mage
 14240 | D:13     | Killed a centaur warrior
 14242 | D:13     | Killed a boulder beetle
 14459 | D:13     | Found a gate to the Vaults.
 14526 | D:14     | Noticed a boulder beetle
 14544 | D:14     | Killed a boulder beetle
 14582 | D:14     | Noticed a centaur warrior
 14590 | D:14     | Reached **** piety under Makhleb
 14639 | D:14     | Killed a centaur warrior
 14713 | D:14     | Reached XP level 14. HP: 97/106 MP: 0/0
 14745 | D:14     | Noticed a tengu reaver
 14754 | D:14     | Noticed a tengu reaver
 14765 | D:14     | Killed from afar by a tengu reaver

Illustrated notes

Levels and vault maps discovered:
D:1:      lemuel_arrival_rhombus, layout_basic, amcnicky_mini_pool_small,
          amethyst_killhole, corexii_corridor_pit,
          chequers_serial_rivers_large_b, minmay_misc_feat_doors
D:2:      layout_loops_cross, shapermc_ecumenical_altar_flowoftime,
          serial_shops, nicolae_shop_crystal, st_stairs_12
D:3:      layout_basic
D:4:      layout_cave_pools, nicolae_qazlal_eye_of_the_storm,
          minmay_temple_entry_trees
D:5:      layout_basic, serial_bayou_pond_c
D:6:      layout_loops_ring, old_standard_altar, cheibrodos_ashenzari_chains,
          nicolae_overflow_hallway_of_the_gods
D:7:      layout_cave_pods, fedhas_altar_fruit_tree, serial_shops,
          nicolae_lakefront_shop, gammafunk_ghost_wrathful_warriors
D:8:      layout_basic, ebering_ghost_reflecting_pool, uniq_gastronok
D:9:      layout_loops_ring, david_lair_generic, serial_shops, shop,
          serial_glass, glass_columns_a, glass_columns_a, item_on_display_a,
          minmay_strange_pillars, minmay_strange_pillars, due_unseen_surprise,
          reono_crystal_passage, billiards_dpeg
D:10:     layout_irregular_city, okawaru_humans, orc_0_dummy,
          kennysheep_flooded_box, dk_noncrumbling_4
D:11:     layout_rooms, uniq_fannar, uniq_psyche, uniq_sonja
D:12:     layout_loops_cross
D:13:     layout_rooms, david_vaults_2, gauntlet_entry_generic
D:14:     minmay_octo_star, layout_basic, nicolae_titane
Temple:   minmay_freezing_vapour_temple

Skill      XL: |  1  2  3  4  5  6  7  8  9 10 11 12 13 |
---------------+----------------------------------------+-----
Fighting       | 1 2 3 4 5 6 8 9 10 11 | 11.9
Stealth        | 2 3 4 5 6 |  6.5
Armour         | 1 2 3 4 5 6 |  6.8
Dodging        | 3 4 5 6 7 8 9 |  9.5
Spellcasting   | 4 5 6 7 8 9 |  9.9
Shields        | 2 3 4 5 6 |  6.1
Invocations    | 2 4 |  4.6
Evocations     | 2 4 |  4.6

Action                   |  1- 3 |  4- 6 |  7- 9 | 10-12 | 13-15 || total
-------------------------+-------+-------+-------+-------+-------++-------
Melee: Dagger            |    32 |     9 |    15 |     3 |     1 ||    60
       Punch             |     1 |       |       |       |       ||     1
 Cast: Magic Dart        |    65 |       |       |       |       ||    65
       Foxfire           |     2 |    80 |   163 |   162 |    11 ||   418
       Iskenderun's Myst |       |     1 |    17 |    64 |    64 ||   146
       Ensorcelled Hiber |       |       |     1 |     4 |     7 ||    12
       Searing Ray       |       |       |     1 |     1 |       ||     2
       Fulminant Prism   |       |       |     4 |    99 |    70 ||   173
       Summon Mana Viper |       |       |       |     4 |       ||     4
       Dazzling Flash    |       |       |       |     2 |       ||     2
Invok: Lesser Servant of |       |       |       |       |     1 ||     1
Evoke: Wand              |       |       |       |     1 |       ||     1
  Use: Scroll            |       |       |    11 |    11 |     5 ||    27
       Potion            |       |       |       |       |     2 ||     2
Armor: Robe              |     3 |     3 |     4 |     1 |       ||    11
       Troll leather arm |       |       |       |     8 |    13 ||    21
Dodge: Dodged            |    10 |     4 |    20 |    37 |    29 ||   100
Block: Buckler           |       |     1 |     5 |     6 |    12 ||    24
